 Dungeon Crawl Stone Soup version 0.29.0-11-gd7f09526c8 (webtiles) character file.

Game seed: 13407303437080506958

492 unlimited1921 the Magician (level 7, -7/45 HPs)
             Began as a Djinni Fire Elementalist on Sept 5, 2022.
             Mangled by an orc warrior
             ... wielding a +0 long sword
              (12 damage)
             ... on level 5 of the Dungeon.
             The game lasted 00:12:26 (9370 turns).

unlimited1921 the Magician (DjFE)                   Turns: 9370, Time: 00:12:29

Health: -7/45      AC:  3    Str:  7    XL:     7   Next: 37%
Gold:   163        EV: 13    Int: 19    God:
                   SH:  0    Dex: 17

rFire   + + .      SeeInvis .   u - +0 dagger "Omaamumn" {vorpal, Dex+4}
rCold   x . .      Faith    .   (no shield)
rNeg    . . .      Spirit   .   a - +0 robe
rPois   ∞          Reflect  .   (no helmet)
rElec   .          Harm     .   h - +0 cloak
rCorr   .          Rampage  .   (no gloves)
Will    .....                   (boots unavailable)
Stlth   ++........              (no amulet)
HPRegen 0.15/turn               (no ring)
MPRegen 0.00/turn               (no ring)

@: flying
A: sickness immunity, fire resistance 2, cold vulnerability 1, float, innate
caster, HP casting, extra vitality 1
a: no special abilities


You were on level 5 of the Dungeon.
You visited 1 branch of the dungeon, and saw 5 of its levels.

You collected 163 gold pieces.

Inventory:

Hand Weapons
 j - a +0 short sword
 o - a +2 dagger of protection
 u - the +0 dagger "Omaamumn" (weapon) {vorpal, Dex+4}
   (You found it on level 3 of the Dungeon)

   It inflicts extra damage upon your enemies.
   Dex:       It affects your dexterity (+4).
Missiles
 g - 63 stones
 t - 8 poisoned darts (quivered)
 x - 3 javelins
Armour
 a - a +0 robe (worn)
 d - a +0 ring mail
 h - a +0 cloak (worn)
Jewellery
 i - a ring of ice
Scrolls
 b - a scroll of fear {unknown}
 f - 6 scrolls of identify {unknown}
 l - 4 scrolls of teleportation {unknown}
 q - 2 scrolls of butterflies {unknown}
 w - 2 scrolls of immolation {unknown}
 y - a scroll of noise {unknown}
Potions
 c - 3 potions of curing {unknown}
 e - a potion of magic {unknown}
 k - a potion of mutation {unknown}
 m - a potion of degeneration {unknown}
 n - a potion of ambrosia {unknown}
 p - 2 potions of heal wounds {unknown}
 r - a potion of flight {unknown}
 s - a potion of might {unknown}
 v - a potion of attraction {unknown}
 z - a potion of brilliance {unknown}


   Skills:
 + Level 0.1 Fighting
 + Level 2.6 Dodging
 + Level 2.8 Stealth
 + Level 5.6 Spellcasting


You couldn't memorise any spells.
You knew the following spells:

 Your Spells              Type           Power      Damage    Failure   Level
a - Foxfire               Conj/Fire      100%       2x1d9     1%          1
b - Scorch                Fire           52%        2d7       1%          2
c - Conjure Flame         Conj/Fire      26%        6-21      3%          3
d - Inner Flame           Hex/Fire       26%        N/A       3%          3
e - Flame Wave            Conj/Fire      26%        2d8       12%         4
f - Sting                 Tmut/Pois      100%       1d8       1%          1
g - Static Discharge      Conj/Air       26%        3-7/arc   1%          2
h - Spider Form           Tmut/Pois      26%        N/A       3%          3
Your spell library was empty.

Dungeon Overview and Level Annotations

Branches:
Dungeon (5/15)
 Temple: D:4-7

Altars:
Nemelex Xobeh
Uskayaw


Innate Abilities, Weirdness & Mutations

You are immune to sickness and miasma.
You are immune to poison.
Your flesh is very heat resistant. (rF++)
You are vulnerable to cold. (rC-)
You float through the air rather than walking.
You learn spells naturally, not from books.
Your magical power is your life essence.
You have superior vitality. (+4 MHP)


Message History

The orc warrior is severely wounded.
The foxfire hits the orc priest.
The orc priest is heavily wounded.
The orc priest invokes the aid of Beogh against you.
You struggle to resist.
The foxfire hits the orc warrior.
The orc warrior is severely wounded.
Casting: Foxfire (safe; 1% risk of failure)
Confirm with . or Enter, or press ? or * to list all spells.
You conjure some foxfire!
The foxfire hits the orc warrior but does no damage.
The orc warrior is severely wounded.
The orc priest barely misses you.
The foxfire hits the orc.
The orc is almost dead.
Casting: Foxfire (safe; 1% risk of failure)
Confirm with . or Enter, or press ? or * to list all spells.
You conjure some foxfire!
The foxfire hits the orc priest!
You kill the orc priest!
The orc warrior hits you but does no damage.
Casting: Foxfire (safe; 1% risk of failure)
Confirm with . or Enter, or press ? or * to list all spells.
You don't know that spell.
Unknown command.
Casting: Foxfire (safe; 1% risk of failure)
Confirm with . or Enter, or press ? or * to list all spells.
You conjure some foxfire!
The foxfire hits the orc warrior but does no damage.
The orc warrior is severely wounded.
The foxfire hits the orc warrior.
The orc warrior is almost dead.
The orc warrior hits you with a +0 long sword!
* * * LOW HITPOINT WARNING * * *
The orc hits you with a +0 hand axe.
* * * LOW HITPOINT WARNING * * *
The foxfire hits the orc.
The orc is severely wounded.
The foxfire hits the orc but does no damage.
The orc is severely wounded.
The orc completely misses you.
The orc warrior hits you with a +0 long sword!
You die...

.. ......... #.
......(.#
..#.......##
#.#.........
#...........
##..).....#
#.#..[.....#
....)o)@o..#
##..#...o†.....
##.).......
#...<.....
##)#......
.........
.........
.......##


You could see an orc warrior and 2 orcs.

Vanquished Creatures
  A black bear (D:4)
  A phantom (D:3)
  2 scorpions
  An orc priest (D:5)
  Robin (D:2)
  5 adders
  An ufetubus (D:4)
  5 worms
  A dart slug (D:1)
  5 orcs
  3 ball pythons
  3 bats
  4 endoplasms
  3 giant cockroaches
  14 goblins
  15 hobgoblins
  6 jackals (D:1)
  6 quokkas
  2 frilled lizards (D:3)
  6 kobolds
  4 rats
89 creatures vanquished.

Vanquished Creatures (others)
  367 foxfires
  2 plants (D:1)
369 creatures vanquished.

Grand Total: 458 creatures vanquished

Notes
Turn   | Place    | Note
-------+----------+-------------------------------------------
     0 | D:1      | unlimited1921 the Djinni Fire Elementalist began the quest
                  | for the Orb.
     0 | D:1      | unlimited1921 set off with the following spells memorised:
                  | Foxfire, Scorch, Conjure Flame, Inner Flame, Flame Wave.
     0 | D:1      | Reached XP level 1. HP: 15/15 MP: 0/0
   347 | D:1      | Reached XP level 2. HP: 15/21 MP: 0/0
  1321 | D:1      | Reached skill level 3 in Spellcasting
  1401 | D:1      | Reached XP level 3. HP: 17/25 MP: 0/0
  1401 | D:1      | Learned a level 1 spell: Sting
  1624 | D:1      | Found a faded altar of an unknown god.
  3678 | D:2      | Reached XP level 4. HP: 29/31 MP: 0/0
  4769 | D:2      | Noticed Robin
  4779 | D:2      | Killed Robin
  5239 | D:2      | Reached XP level 5. HP: 34/35 MP: 0/0
  5239 | D:2      | Learned a level 2 spell: Static Discharge
  6011 | D:3      | Reached skill level 4 in Spellcasting
  7483 | D:3      | Noticed a phantom
  7490 | D:3      | Killed a phantom
  7491 | D:3      | Reached XP level 6. HP: 18/40 MP: 0/0
  7721 | D:3      | Identified the +0 dagger "Omaamumn" {vorpal, Dex+4}
  8022 | D:4      | Noticed a black bear
  8031 | D:4      | Killed a black bear
  8032 | D:4      | Reached skill level 5 in Spellcasting
  8311 | D:4      | Found a hide-covered altar of Uskayaw.
  8363 | D:4      | Found a sparkling altar of Nemelex Xobeh.
  8447 | D:4      | Reached XP level 7. HP: 41/45 MP: 0/0
  8447 | D:4      | Learned a level 3 spell: Spider Form
  9349 | D:5      | Entered Level 5 of the Dungeon
  9370 | D:5      | Mangled by an orc warrior

Illustrated notes

Levels and vault maps discovered:
D:1:      kennysheep_arrival_seaside, layout_basic,
          dreamdust_ecumenical_altar_angels_and_demons
D:2:      wad_crossroads, layout_basic, uniq_robin
D:3:      layout_basic, marbit_many_paths, minmay_fractal_squares_diagonal_5
D:4:      layout_cave_pods, kennysheep_little_box, lemuel_tele_altar,
          amcnicky_mini_corridor_feature
D:5:      layout_cave_pools, slow_altar_2, mainiacjoe_overflow_24_doors,
          minmay_temple_entry_poolview, serial_shops, nicolae_shop_hallway_plus

Skill      XL: |  1  2  3  4  5  6 |
---------------+-------------------+-----
Spellcasting   | 3 4 5 |  5.6
Stealth        | 2 |  2.8
Fighting       | |  0.1
Dodging        | |  2.6

Action                   |  1- 3 |  4- 6 |  7- 9 || total
-------------------------+-------+-------+-------++-------
Melee: Unarmed           |     6 |       |       ||     6
 Cast: Foxfire           |    73 |   116 |    22 ||   211
       Scorch            |    13 |    21 |     2 ||    36
       Inner Flame       |       |     4 |     2 ||     6
Armor: Robe              |     6 |     2 |     1 ||     9
Dodge: Dodged            |    19 |     9 |     2 ||    30
